 Dungeon Crawl Stone Soup version 0.20.1-1-g8b1a95d (webtiles) character file.

39 HammerPanzer the Digger (level 3, -1/19 HPs)
             Began as a Gargoyle Earth Elementalist on Oct 25, 2017.
             Slain by a gnoll
             ... wielding a +0 spear
              (8 damage)
             ... on level 2 of the Dungeon.
             The game lasted 00:05:41 (1035 turns).

HammerPanzer the Digger (GrEE)                      Turns: 1035, Time: 00:05:42

Health: -1/19      AC:  5    Str: 11    XL:     3   Next: 47%
Magic:  5/6        EV: 12    Int: 16    God:
Gold:   19         SH:  0    Dex: 10    Spells: 5/6 levels left

rFire    . . .     SeeInvis .   q - +0 dagger
rCold    . . .     Gourm    .   (no shield)
rNeg     + . .     Faith    .   c - +0 robe
rPois    ∞         Spirit   .   (no helmet)
rElec    +         Reflect  .   (no cloak)
rCorr    .         Harm     .   (no gloves)
MR       .....                  (no boots)
Stlth    ++........             (no amulet)
Regen    0.1/turn               (no ring)
MPRegen  0.1/turn               (no ring)

@: no status effects
A: negative energy resistance 1, electricity resistance, unbreathing,
petrification resistance, rot immunity, AC +3
a: no special abilities


You were on level 2 of the Dungeon.
You were not hungry.

You visited 1 branch of the dungeon, and saw 2 of its levels.

You collected 19 gold pieces.

Inventory:

Hand Weapons
 q - a +0 dagger (weapon)
Missiles
 b - 80 stones (quivered)
Armour
 c - a +0 robe (worn)
Scrolls
 g - 2 scrolls of teleportation {unknown}
 h - a scroll of remove curse {unknown}
 k - a scroll of fear {unknown}
 o - a scroll of magic mapping {unknown}
Potions
 f - 4 potions of heal wounds {unknown}
 j - a potion of haste {unknown}
 l - a potion of cancellation {unknown}
 m - a potion of lignification {unknown}
 n - a potion of might {unknown}
Books
 e - a book of Geomancy

   Spells                             Type                      Level
   a - Sandblast                      Earth                        1
   b - Passwall                       Transmutation/Earth          2
   c - Stone Arrow                    Conjuration/Earth            3
   d - Petrify                        Transmutation/Earth          4
   e - Lee's Rapid Deconstruction     Earth                        5
Comestibles
 a - a royal jelly
 d - 2 bread rations
 i - 3 fruits
 p - a chunk of flesh


   Skills:
 + Level 2.0 Dodging
 - Level 2.1 Stealth
 - Level 0.8 Unarmed Combat
 - Level 2.0 Spellcasting
   Level 0.7 Transmutations
 * Level 4.7 Earth Magic


You had 5 spell levels left.
You knew the following spells:

 Your Spells              Type           Power        Failure   Level  Hunger
a - Sandblast             Erth           ###...       3%          1    #......


Dungeon Overview and Level Annotations

Branches:
Dungeon (2/15)

Altars:
Sif Muna


Innate Abilities, Weirdness & Mutations

You are resistant to torment.
Your stone body is resilient. (AC +3)
You are immune to poison.
You resist negative energy. (rN+)
You are resistant to electric shocks. (rElec)
You can survive without breathing.
You are immune to petrification.
You are immune to rotting.


Message History

The giant cockroach bites you but does no damage.
The gnoll barely misses you. The giant cockroach bites you.
You hit the giant cockroach.
The giant cockroach is almost dead.
The rat misses you. The gnoll hits you but does no damage.
The giant cockroach bites you but does no damage.
You hit the giant cockroach.
You kill the giant cockroach!
The bat misses you. The rat closely misses you.
The gnoll hits you from afar with a spear.
The bat barely misses you. The bat hits you. The bat barely misses you.
The bat hits you but does no damage.
You hit the rat.
You kill the rat!
The bat barely misses you.
The gnoll hits you from afar with a spear.
You miss the goblin. The bat completely misses you.
The gnoll hits you from afar with a spear!
You die...

.....................
#..........######## ##
#..........#### # # #.
#..............####
..##.##..)............#..
.........................
.........................
.#.......................
........@.r.............#
#######gb##.#.........<.#
#gg##.#...........# #gl#
..#.........g. #.K# ..
........#g ._.....(.#
.........g .....#.....
........## .....#...K...
........## ....
#.......g........##


You could see 2 gnolls, a quokka (wandering), 2 goblins, a bat, a kobold and a
frilled lizard.

Vanquished Creatures
  A gnoll (D:2)
  A worm (D:2)
  2 leopard geckos
  2 giant cockroaches
  4 goblins
  A hobgoblin (D:1)
  2 kobolds
  A ball python (D:1)
  5 bats
  A frilled lizard (D:2)
  7 rats
27 creatures vanquished.

Notes
Turn   | Place    | Note
-------+----------+-------------------------------------------
     0 | D:1      | HammerPanzer the Gargoyle Earth Elementalist began the quest for the Orb.
     0 | D:1      | Reached XP level 1. HP: 10/10 MP: 3/3
   230 | D:1      | Reached skill level 4 in Earth Magic
   295 | D:1      | Reached XP level 2. HP: 11/15 MP: 3/5
   944 | D:2      | Reached XP level 3. HP: 19/19 MP: 1/6
  1018 | D:2      | Found a deep blue altar of Sif Muna.
  1035 | D:2      | Slain by a gnoll

Skill      XL: |  1  2  3 |
---------------+----------+-----
Earth Magic    | 4 |  4.7
Dodging        | 2 |  2.0
Stealth        | |  2.1
Unarmed Combat | |  0.8
Spellcasting   | |  2.0
Transmutations | |  0.7

Action                   || total
-------------------------++-------
Melee: Unarmed           ||    68
       Dagger            ||    14
 Cast: Sandblast         ||    23
  Eat: Chunk             ||     1
Armor: Robe              ||    41
Dodge: Dodged            ||    70
